 Dungeon Crawl Stone Soup version 0.29-a0-321-gf1c400731a (webtiles) character file.

Game seed: 18201761975708071051

345 Dabor the Stinger (level 6, -10/40 HPs)
             Began as an Octopode Transmuter on Apr 3, 2022.
             Was an Elder of Jiyva.
             Mangled by an orc warrior
             ... wielding a +0 war axe
              (16 damage)
             ... on level 3 of the Dungeon.
             The game lasted 00:06:29 (3474 turns).

Dabor the Stinger (Octopode Transmuter)             Turns: 3474, Time: 00:06:30

Health: -10/40     AC:  2    Str: 10    XL:     6   Next: 58%
Magic:  10/10      EV: 21    Int: 21    God:    Jiyva [****..]
Gold:   146        SH:  0    Dex: 23    Spells: 4/10 levels left

rFire   . . .      SeeInvis .     - Unarmed
rCold   . . .      Faith    .   (shield currently unavailable)
rNeg    + . .      Spirit   .   (helmet currently unavailable)
rPois   x          Reflect  .   (no amulet)
rElec   .          Harm     .   l - ring of positive energy
rCorr   +          Rampage  .   o - +6 ring of dexterity
Will    .....                   (no ring)
Stlth   +++.......              (no ring)
HPRegen 1.41/turn               (no ring)
MPRegen 0.52/turn               (no ring)
                                (no ring)
                                (no ring)

@: spider-form
A: venomous fangs, almost no armour, (amphibious), 8 rings, tiny, (camouflage
1), (gelatinous body 1), (nimble swimmer 1), (tentacles), (antennae 2), clever 2
a: End Transformation, Renounce Religion, Oozemancy, Slimify


You were on level 3 of the Dungeon.
You worshipped Jiyva.
Jiyva was greatly pleased with you.
You were a venomous arachnid creature.
You visited 1 branch of the dungeon, and saw 4 of its levels.

You collected 146 gold pieces.

Inventory:

Hand Weapons
 b - a +4 dagger of flaming (melded)
Jewellery
 l - a ring of positive energy (left front leg)
 o - a +6 ring of dexterity (right front leg)
Scrolls
 c - 3 scrolls of vulnerability
 d - a scroll of amnesia
 f - a scroll of brand weapon {unknown}
 g - 2 scrolls of fear
 h - a scroll of enchant armour {unknown}
 i - a scroll of noise {unknown}
 j - 2 scrolls of teleportation {unknown}
 k - a scroll of identify
Potions
 a - a potion of attraction {unknown}
 m - 2 potions of heal wounds {unknown}
 n - 2 potions of flight {unknown}


   Skills:
 + Level 2.3 Fighting
 + Level 1.7 Short Blades
 + Level 2.9 Dodging
 + Level 2.5 Stealth
 - Level 3.1 Unarmed Combat
 + Level 2.9 Spellcasting
 + Level 3.0 Transmutations
 + Level 0.3 Ice Magic
 * Level 3.5 Poison Magic


You had 4 spell levels left.
You knew the following spells:

 Your Spells              Type           Power      Damage    Failure   Level
a - Beastly Appendage     Tmut           30%        N/A       12%         1
b - Wereblood             Tmut           15%        N/A       17%         2
c - Spider Form           Tmut/Pois      16%        N/A       26%         3

Your spell library contained the following spells:

 Spells                   Type           Power      Damage    Failure   Level
 Ozocubu's Armour         Ice            4%         N/A       56%         3
 Ice Form                 Ice/Tmut       10%        N/A       77%         4
 Ozocubu's Refrigeration  Ice            2%         4d5       100%        7


Dungeon Overview and Level Annotations

Branches:
Dungeon (4/15)
 Temple: D:4-7

Altars:
Jiyva


Innate Abilities, Weirdness & Mutations

You are a venomous arachnid creature.
You have poisonous fangs.
You are tiny and dextrous.
Your spellcasting is less reliable in this form.
Your armour is entirely melded.
You are incapable of wielding weapons or throwing items.
You cannot wear most types of armour.
((You are amphibious.))
You can wear up to eight rings at the same time.
((Your skin changes colour to match your surroundings (Stealth+).))
((Your rubbery body absorbs attacks. (AC +1, EV +1)))
((You are camouflaged when in or above water. (Stealth+)))
((You have tentacles for arms and can constrict up to eight enemies at once.))
((You have a pair of antennae on your head.))
Your mind is very acute. (Int +4)


Message History

Confirm with . or Enter, or press ? or * to list all spells.
You turn into a venomous arachnid creature.
Your +4 dagger of flaming melds into your body.
Your +4 dagger of flaming stops flaming.
The orc warrior barely misses you.
You hit the orc warrior but do no damage.
The orc warrior is poisoned.
The orc warrior barely misses you.
You hit the orc warrior but do no damage.
The orc warrior looks even sicker.
The orc warrior is lightly wounded.
The orc warrior closely misses you.
You hit the orc warrior.
The orc warrior looks as sick as possible!
The orc warrior is lightly wounded.
The orc warrior hits you with a +0 war axe!!
Ouch! That really hurt!
You hit the orc warrior but do no damage.
The orc warrior looks as sick as possible!
The orc warrior is lightly wounded.
The orc warrior hits you with a +0 war axe!
* * * LOW HITPOINT WARNING * * *
It was a potion of curing.
You feel better. The orc warrior completely misses you.
You hit the orc warrior but do no damage.
The orc warrior looks as sick as possible!
The orc warrior is moderately wounded.
The orc warrior misses you.
You hit the orc warrior.
The orc warrior looks as sick as possible!
The orc warrior is heavily wounded.
The orc warrior hits you with a +0 war axe!!
Ouch! That really hurt!
* * * LOW HITPOINT WARNING * * *
You feel better.
The orc warrior hits you with a +0 war axe!
* * * LOW HITPOINT WARNING * * *
You hit the orc warrior but do no damage.
The orc warrior is severely wounded.
The orc warrior hits you with a +0 war axe!
You die...

#.#.# ####### #.#.# #......
#.#.# #.###.. #.#.#
###########.# #.# #.#.#
#...........# #.# #.#.###
##.#########.###.#
#.....####...########......
###................##.##.##
###.####so.#####.##>##.##
#.# ##.## ###.##...... #.#
#.# #......#####
#.#####.####.###..# #
#.#..........# #..# #
#.#.###.####.###..# # #.#.#
#.# #......##### #.#.# #.#
######...... #.#.# #.#
####.#.


You could see an orc warrior (extremely poisoned).

Vanquished Creatures
  Sigmund (D:2)
  A hound (D:4)
  An orc priest (D:4)
  Robin (D:2)
  5 adders
  5 orcs
  5 ball pythons
  7 bats
  An endoplasm (D:1)
  3 giant cockroaches
  13 goblins
  3 hobgoblins
  6 jackals
  3 quokkas
  3 frilled lizards
  5 kobolds
  3 rats
66 creatures vanquished.

Vanquished Creatures (others)
  An adder (D:3)
  A worm (D:2)
  A dart slug (D:2)
  An endoplasm (D:4)
  2 ball pythons
  2 goblins
  A hobgoblin (D:2)
  A jackal (D:3)
  A quokka (D:2)
  A bat (D:3)
  A frilled lizard (D:2)
  A rat (D:3)
14 creatures vanquished.

Grand Total: 80 creatures vanquished

Notes
Turn   | Place    | Note
-------+----------+-------------------------------------------
     0 | D:1      | Dabor the Octopode Transmuter began the quest for the Orb.
     0 | D:1      | Reached XP level 1. HP: 13/13 MP: 3/3
   238 | D:1      | Reached XP level 2. HP: 3/18 MP: 3/5
   859 | D:1      | Found a faded altar of an unknown god.
   884 | D:1      | Prayed at the altar of an unknown god.
   884 | D:1      | Became a worshipper of Jiyva Joleat the Shapeless
   884 | D:1      | Reached * piety under Jiyva
  1573 | D:2      | Noticed Sigmund
  1591 | D:2      | Killed Sigmund
  1592 | D:2      | Reached skill level 1 in Short Blades
  1592 | D:2      | Reached XP level 3. HP: 15/24 MP: 6/6
  1592 | D:2      | Reached XP level 4. HP: 18/29 MP: 7/7
  1592 | D:2      | Reached XP level 5. HP: 21/34 MP: 8/8
  1745 | D:2      | Learned a level 2 spell: Wereblood
  1749 | D:2      | Learned a level 3 spell: Spider Form
  1864 | D:2      | Reached ** piety under Jiyva
  1965 | D:2      | Noticed Robin
  1984 | D:2      | Killed Robin
  1985 | D:2      | Reached XP level 6. HP: 39/39 MP: 10/10
  2660 | D:3      | Reached *** piety under Jiyva
  2688 | D:3      | Gained mutation: Your mind is acute. (Int +2) [Jiyva's
                  | grace]
  2688 | D:3      | Gained mutation: Your mind is very acute. (Int +4) [Jiyva's
                  | grace]
  2688 | D:3      | Gained mutation: You have a pair of small antennae on your
                  | head. [Jiyva's grace]
  2688 | D:3      | Gained mutation: You have a pair of antennae on your head.
                  | [Jiyva's grace]
  3267 | D:4      | Reached **** piety under Jiyva
  3456 | D:4      | Noticed an orc warrior
  3474 | D:3      | Mangled by an orc warrior

Illustrated notes

Levels and vault maps discovered:
D:1:      dpeg_arrival_leaves_temple_mockup, layout_basic,
          ebering_ecumenical_altar_webs
D:2:      wad_river_or_something, layout_loops_cross,
          nicolae_figureground_sparkle, uniq_robin, uniq_sigmund
D:3:      layout_loops_ring
D:4:      layout_cave_pools, serial_shops, nicolae_lakefront_shop

Skill      XL: |  1  2  3  4  5  6 |
---------------+-------------------+-----
Fighting       | 2 |  2.3
Short Blades   | 1 |  1.7
Stealth        | 2 |  2.5
Poison Magic   | 2 3 |  3.5
Transmutations | 3 |  3.0
Dodging        | |  2.9
Unarmed Combat | |  3.1
Spellcasting   | |  2.9
Ice Magic      | |  0.3

Action                   |  1- 3 |  4- 6 || total
-------------------------+-------+-------++-------
Melee: Unarmed           |    13 |     7 ||    20
       Kick              |     6 |     5 ||    11
       Constrict         |     6 |    14 ||    20
       Tentacles         |     6 |     7 ||    13
       Dagger            |    25 |    71 ||    96
       Punch             |     2 |     2 ||     4
 Cast: Beastly Appendage |     4 |     3 ||     7
       Wereblood         |       |     3 ||     3
       Spider Form       |       |     1 ||     1
  Use: Scroll            |     2 |     1 ||     3
       Potion            |     1 |     2 ||     3
 Stab: Sleeping          |     5 |     9 ||    14
Armor: Skin              |     5 |     3 ||     8
Dodge: Dodged            |    17 |    41 ||    58

Table legend: (Time is in decaauts)
 A = Elapsed time spent in this place.
 B = Non-inter-level travel time spent in this place.
 C = Inter-level travel time spent in this place.
 D = Time resting spent in this place.
 E = Time spent auto-exploring this place.
 F = Levels seen in this place.
 G = Mean time per level.
                   A        B        C        D        E       F      G
               +--------+--------+--------+--------+--------+-----+--------+
         Total |   3466 |   3290 |    176 |    142 |   2335 |   4 |  866.5 |
       Dungeon |   3466 |   3290 |    176 |    142 |   2335 |   4 |  866.5 |
               +--------+--------+--------+--------+--------+-----+--------+

Top non-repeatable levels by time:
     D:1: 1528 daAuts
     D:2: 1021 daAuts
     D:3: 623 daAuts
     D:4: 292 daAuts
